RageMage, chaotic female elven Wizard ----- ....| ------- # |....# |(^...-#####.^..|# ------ ##......| # -----# |....| # --.--+- # ..<..-############# # |....| # .....| # ------ #### # ----------.---- #|....@a........| ##......a......>.| # |..............| |........ --------- RageMage the Conjurer Experience level: 4 Strength: 14 Dexterity: 16 Constitution: 12 Intelligence: 13 Wisdom: 10 Charisma: 10 Health: 0(26) Energy: 23(43) Def: 1 Gold: 431 Moves: 847 Dungeon seed: JTT-d8AChoZJXf8X Game ID: RageMage_1547336296 Your Inventory: Coins $ - 431 gold pieces Weapons a - a blessed +1 quarterstaff (weapon in hands) p - a +0 elven dagger (in quiver) Armor e - an uncursed +0 cloak of magic resistance (being worn) Comestibles o - an uncursed lembas wafer t - an uncursed food ration Scrolls i - an uncursed scroll of teleportation j - an uncursed scroll of enchant armor k - an uncursed scroll of destroy armor s - an uncursed scroll of remove curse Spellbooks l - a blessed spellbook of force bolt m - an uncursed spellbook of haste self Potions f - an uncursed potion of see invisible g - an uncursed potion of fruit juice h - an uncursed potion of gain ability Rings c - an uncursed ring of polymorph d - an uncursed ring of slow digestion Wands b - a wand of slow monster (0:6) Tools n - an uncursed tooled horn Gems q - 2 uncursed worthless pieces of yellowish brown glass Spells and supernatural/magical abilities: Name Level Category Fail Memory a - force bolt 1 attack 0% 96% H - haste self 3 escape 100% 96% W - pray for help -- divine ? -- Your skills at the end: Fighting Skills Weapon Skills quarterstaff [Basic] Spellcasting Skills attack spells [Basic] enchantment spells [Basic] Final Attributes: You were piously aligned. You were sleep resistant. You were magic-protected. You had infravision. You are dead. Vanquished creatures: a kitten an acid blob a gas spore a yellow mold a gecko 3 jackals a fox 2 goblins a sewer rat 4 grid bugs 2 lichens a kobold zombie 2 newts 21 creatures vanquished. Voluntary challenges: You were an atheist. You used a wielded weapon 10 times, starting on turn 157. You read items or engraved 3 times, starting on turn 28. You never genocided any monsters. You never polymorphed an object. You never changed form. You used no wishes. You never split a pudding. You wrote Elbereth's name 1 time, starting on turn 31. You violated your moral code, losing 15 points of alignment, starting on turn 591. Dungeon overview: The Dungeons of Doom: levels 1 to 4 Level 1 a sink a long staircase Level 2 Level 3 an altar to Ptah Level 4 <- You were here History has recorded: On T:1 you entered the Dungeons of Doom to retrieve the Amulet of Yendor! On T:317 you reached level 2 of The Dungeons of Doom. On T:401 you reached level 3 of The Dungeons of Doom. On T:574 you advanced to experience level 2. On T:591 you advanced to experience level 3. On T:671 you advanced to experience level 4. On T:754 you reached level 4 of The Dungeons of Doom. Score breakdown: Gold: 431 ( 8965 points) Experience: 4 levels ( 9649 points) Exploration: 4 levels ( 7.84%) ( 7348 points) Discoveries: 0 items ( 0.00%) ( 0 points) Valuables value: (no points given unless you survive) Artifact value: 0 ( 0 points) Variety of kills: 13 monsters ( 3.41%) ( 5541 points) Turncount: 847 turns ( 0 points) Survival: died (score multiplied by 80%) Total score: 25202 Latest messages: You kill the grid bug! You hear the footsteps of a guard on patrol. The door resists! The door opens. This door is locked. That door is closed. As you kick the door, it crashes open! $ - 23 gold pieces. You see here a tinning kit. You feel a wrenching sensation. The door opens. You feel a wrenching sensation. $ - 106 gold pieces. The giant ant bites! You miss the giant ant. The giant ant bites! (3x) You miss the giant ant. The giant ant bites! (2x) You hit the giant ant. The giant ant bites! (4x) You die... Final status: Goodbye RageMage the Wizard, killed by a giant ant... You died in The Dungeons of Doom on dungeon level 4 with 25202 points, and 431 pieces of gold, after 847 moves. You were level 4 with a maximum of 26 hit points when you died.